 Dungeon Crawl Stone Soup version 0.18-a0-20-gaede791 (webtiles) character file.

1036 Arkorax the Spear-Bearer (level 8, -7/68 HPs)
             Began as a Merfolk Gladiator on Nov 2, 2015.
             Was an Initiate of Fedhas.
             Mangled by an ice beast (10 damage)
             ... on level 5 of the Dungeon.
             The game lasted 00:10:33 (4802 turns).

Arkorax the Spear-Bearer (Merfolk Gladiator)        Turns: 4802, Time: 00:10:33

Health: -7/68      AC: 12    Str: 15 (16) XL:     8   Next: 24%
Magic:  8/8        EV: 10    Int:  7      God:    Fedhas [......]
Gold:   302        SH:  0    Dex: 11 (12) Spells: 0 memorised, 7 levels left

rFire  x . .     SeeInvis .     a - +0 trident
rCold  . . .     Clarity  .     y - +4 scale mail "Fyxtuumm" {rElec rF- MR+++ Dex-4}
rNeg   . . .     SustAt   .     (no shield)
rPois  +         Gourm    .     c - +0 helmet
rElec  +         Spirit   .     (no cloak)
rCorr  .         Warding  .     (no gloves)
rMut   .         Stasis   .     j - +0 pair of boots
MR     +++..                    (no amulet)
Stlth  ..........               (no ring)
                                w - ring of poison resistance

@: extremely resistant to hostile enchantments, extremely unstealthy
A: change form in water, swift swim, deterioration 1
a: Renounce Religion


You were on level 5 of the Dungeon.
You worshipped Fedhas.
Fedhas was noncommittal.
You were not hungry.

You visited 2 branches of the dungeon, and saw 6 of its levels.

You collected 302 gold pieces.

Inventory:

Hand Weapons
 a - a +0 trident (weapon)
 t - a +0 scythe
Missiles
 d - 3 throwing nets (quivered)
Armour
 c - a +0 helmet (worn)
 j - a +0 pair of boots (worn)
 v - a +0 scale mail
 y - the +4 scale mail "Fyxtuumm" (worn) {rElec rF- MR+++ Dex-4}
   (You found it on level 4 of the Dungeon)

   It affects your dexterity (-4).
   It makes you vulnerable to fire.
   It insulates you from electricity.
   It affects your resistance to hostile enchantments.
Jewellery
 g - a cursed ring of loudness {unknown}
 l - an uncursed ring of ice
 w - a ring of poison resistance (left hand)
Scrolls
 b - a scroll of enchant armour {unknown}
 f - a scroll of remove curse
 o - a scroll of blinking {unknown}
 q - a scroll of immolation {unknown}
 r - a scroll of recharging {unknown}
 x - a scroll of fear {unknown}
 A - a scroll of identify
Potions
 n - a potion of ambrosia {unknown}
 p - a potion of brilliance
 s - a potion of poison {unknown}
 u - a potion of agility {unknown}
 B - a potion of resistance {unknown}
 C - a potion of might {unknown}
Books
 e - a book of Air

   Spells                             Type                      Level
   a - Shock                          Conjuration/Air              1
   b - Swiftness                      Charms/Air                   2
   c - Repel Missiles                 Charms/Air                   2
   d - Static Discharge               Conjuration/Air              3
   e - Lightning Bolt                 Conjuration/Air              5
Comestibles
 h - 3 slices of pizza
 i - 4 fruits
 k - 2 meat rations
 z - a royal jelly
 D - a bread ration


   Skills:
 * Level 7.9 Fighting
 + Level 9.6 Polearms
 - Level 2.0 Throwing
 - Level 1.0 Armour
 - Level 4.0 Dodging


You had 7 spell levels left.
You didn't know any spells.

Dungeon Overview and Level Annotations

Branches:
Dungeon (5/15)             Temple (1/1) D:4

Altars:
Ashenzari
Elyvilon
Fedhas
Gozag
Kikubaaqudgha
Makhleb
Nemelex Xobeh
Okawaru
Qazlal
Ru
Trog
Vehumet
Xom
Yredelemnul
Zin
The Shining One

Shops:
D:4 ?

Annotations:
D:4 1 runed door


Innate Abilities, Weirdness & Mutations

You revert to your normal form in water.
You are very nimble and swift while swimming.
Your body sometimes deteriorates upon taking damage.


Message History

Items here: ))) [[ รทรท
Found a chain mail.
Found a stone staircase leading down.
g - a glass ring An ice beast comes into view.
The ice beast hits you. The ice beast freezes you! The ice beast hits you.
The ice beast freezes you!
* * * LOW HITPOINT WARNING * * *
The ice beast barely misses you.
The ice beast hits you but does no damage.
The ice beast hits you.
* * * LOW HITPOINT WARNING * * *
The ice beast freezes you!
* * * LOW HITPOINT WARNING * * *
The ice beast barely misses you. The ice beast hits you.
* * * LOW HITPOINT WARNING * * *
The ice beast freezes you!
You die...
Fedhas appreciates your contribution to the ecosystem.

#####.###### # .# #.#
+# #.# #.# ##.# ##..#
# ####.^.## +
+.......# # #.Y@#
####..####
#........##
#...[.....# ##
#..#.###..# .# #.
#..#.###..# .####.##
#..#...#..# .......#
#..###.#>.#
.###...####..###.#..#


You could see an ice beast.

Vanquished Creatures
  Sigmund (D:2)
  An orc warrior (D:5)
  An ogre (D:5)
  2 phantoms
  3 giant frog skeletons
  A hound (D:4)
  3 orc priests (D:5)
  2 orc wizards (D:5)
  A hound skeleton (D:4)
  3 gnolls (D:2)
  9 adders
  3 worms
  3 giant geckos
  16 orcs
  8 goblins
  7 hobgoblins
  7 jackals
  5 quokkas
  7 bats
  4 giant cockroaches
  2 giant newts
  A goblin skeleton (D:4)
  19 kobolds
  7 rats
116 creatures vanquished.

Vanquished Creatures (others)
  A wizard (D:3)
  An orc wizard (D:5)
  19 toadstools
21 creatures vanquished.

Grand Total: 137 creatures vanquished

Notes
Turn   | Place    | Note
--------------------------------------------------------------
     0 | D:1      | Arkorax the Merfolk Gladiator began the quest for the Orb.
     0 | D:1      | Reached XP level 1. HP: 16/16 MP: 1/1
   211 | D:1      | Reached XP level 2. HP: 23/23 MP: 2/2
   214 | D:1      | Reached skill level 5 in Polearms
   311 | D:1      | HP: 1/23 [bat (1)]
   637 | D:1      | Reached XP level 3. HP: 28/28 MP: 3/3
  1190 | D:2      | Noticed Sigmund
  1535 | D:2      | Reached XP level 4. HP: 18/35 MP: 4/4
  1542 | D:2      | Reached skill level 1 in Armour
  1906 | D:2      | Reached skill level 6 in Polearms
  2082 | D:2      | Killed Sigmund
  2082 | D:2      | Reached skill level 5 in Fighting
  2082 | D:2      | Reached skill level 7 in Polearms
  2082 | D:2      | Reached XP level 5. HP: 41/44 MP: 5/5
  2082 | D:2      | Reached XP level 6. HP: 47/51 MP: 6/6
  2167 | D:3      | Found a bloodstained altar of Trog.
  2167 | D:3      | Found a white marble altar of Elyvilon.
  2938 | D:3      | Found a bloodstained altar of Trog.
  2939 | D:3      | Noticed a wizard
  2946 | D:3      | Killed a wizard
  3065 | D:3      | Found a burning altar of Makhleb.
  3191 | D:4      | Found a staircase to the Ecumenical Temple.
  3213 | Temple   | Entered the Ecumenical Temple
  3303 | Temple   | Became a worshipper of Fedhas Madash
  3369 | D:4      | Got a slimy scale mail
  3385 | D:4      | Identified the +4 scale mail "Fyxtuumm" {rElec rF- MR+++ Dex-4} (You found it on level 4 of the Dungeon)
  3421 | D:4      | Found a runed door.
  3421 | D:4      | Noticed a human
  3426 | D:4      | Found a basalt altar of Yredelemnul.
  3558 | D:4      | Found an iron altar of Okawaru.
  3589 | D:4      | Reached XP level 7. HP: 52/58 MP: 7/7
  3604 | D:4      | Found Uschorua's Magic Scroll Shoppe.
  3671 | D:4      | Reached skill level 8 in Polearms
  3802 | D:5      | Entered Level 5 of the Dungeon
  3886 | D:5      | Found a burning altar of Makhleb.
  4173 | D:5      | Gained mutation: Your body sometimes deteriorates upon taking damage. [potion of mutation]
  4173 | D:5      | Lost mutation: Your body sometimes deteriorates upon taking damage. [potion of mutation]
  4173 | D:5      | Gained mutation: Your body sometimes deteriorates upon taking damage. [potion of mutation]
  4212 | D:5      | Reached skill level 9 in Polearms
  4231 | D:5      | Reached XP level 8. HP: 22/67 MP: 8/8
  4802 | D:5      | HP: 3/68 [ice beast (1)]
  4802 | D:5      | Mangled by an ice beast

Vault maps used:
D:1:      dpeg_arrival_water_fire
D:2:      minmay_misc_feat_doors, uniq_sigmund
D:3:      bloody_makhleb, grunt_temple_overflow_open, serial_glass,
          glass_columns_a, glass_columns_b, trog_wizard
D:4:      kennysheep_mini_moat, serial_shops, kennysheep_little_box,
          dk_yredelemnul_ordeal
D:5:      basic_altar, first_bread, guppyfry_early_orc_mine
Temple:   circular_temple_12

Action                   |  1- 3 |  4- 6 |  7- 9 || total
-------------------------+-------+-------+-------++-------
Melee: Trident           |   129 |   206 |   186 ||   521
  Use: Potion            |     1 |       |     3 ||     4
       Scroll            |       |     7 |       ||     7
 Stab: Sleeping          |     1 |       |       ||     1
  Eat: Bread ration      |     1 |     1 |     1 ||     3
